 Dungeon Crawl Stone Soup version 0.25-a0-424-g80bd347ae0 (webtiles) character file.

Game seed: 11453440836003589643, levelgen mode: deterministic

0 Gargoyl the Skirmisher (level 1, 0/19 HPs)
             Began as a Centaur Abyssal Knight on Jan 20, 2020.
             Was a Follower of Lugonu.
             Slain by a small abomination (4 damage)
             ... on level 3 of the Abyss.
             The game lasted 00:00:54 (236 turns).

Gargoyl the Skirmisher (Centaur Abyssal Knight)      Turns: 236, Time: 00:00:55

Health: 0/19       AC:  8    Str: 14    XL:     1   Next: 0%
Magic:  2/2        EV:  4    Int: 11    God:    Lugonu [*.....]
Gold:   13         SH:  0    Dex: 11    Spells: 0/0 levels left

rFire    . . .     SeeInvis .   e - +2 dagger of Courage {flame, rElec rC+ rN+ Dex+3} (curse)
rCold    + . .     Gourm    .   (no shield)
rNeg     + . .     Faith    .   i - +0 chain mail
rPois    .         Spirit   .   g - +0 helmet
rElec    +         Reflect  .   (no cloak)
rCorr    .         Harm     .   (no gloves)
MR       .....                  (no barding)
Stlth    ..........             (no amulet)
HPRegen  0.06/turn              (no ring)
MPRegen  0.08/turn              (no ring)

@: very quick
A: large, hooves 3, deformed body, speed 2, tough skin 3
a: Depart the Abyss, Renounce Religion


You were on level 3 of the Abyss.
You worshipped Lugonu.
Lugonu was aware of your devotion.
You were not hungry.

You visited 0 branches of the dungeon, and saw 0 of its levels.
You visited the Abyss 1 time.

You collected 13 gold pieces.

Inventory:

Hand Weapons
 a - a +1 hand axe
 e - the cursed +2 dagger of Courage (weapon) {flame, rElec rC+ rN+ Dex+3}
   (You found it on level 2 of the Abyss)

   It has been specially enchanted to burn those struck by it, causing extra
   injury to most foes and up to half again as much damage against particularly
   susceptible opponents.
   It affects your dexterity (+3).
   It protects you from cold.
   It insulates you from electricity.
   It protects you from negative energy.
   It has a curse placed upon it.
Armour
 b - a +0 leather armour
 g - a +0 helmet (worn)
 i - a +0 chain mail (worn)
Jewellery
 f - an uncursed ring of poison resistance {unknown}
Scrolls
 k - a scroll of acquirement {unknown}
 l - a scroll of noise {unknown}
Potions
 d - a potion of lignification {unknown}
 h - a potion of heal wounds {unknown}
 j - a potion of flight {unknown}
Comestibles
 c - 2 rations


   Skills:
 + Level 3.0 Fighting
 + Level 1.7 Axes
 + Level 1.3 Armour
 + Level 0.6 Dodging
 + Level 2.0 Invocations


You couldn't memorise any spells.
You didn't know any spells.
Your spell library was empty.

Dungeon Overview and Level Annotations

Branches:
Dungeon (0/15)

Altars:


Innate Abilities, Weirdness & Mutations

You have hooves in place of feet.
Armour fits poorly on your strangely shaped body.
You cover ground very quickly.
You have extremely tough skin. (AC +3)


Message History

You finish putting on your +0 chain mail.
Unknown command.
j - a murky brown potion
Found a hand crossbow.
A lurking horror and a small abomination come into view.
Found a scroll labeled CAFOTOL QUXOR.
The lurking horror explodes!
Your body is wracked with pain!
Unknown command.
You see here a scroll labeled CAFOTOL QUXOR.
k - a scroll labeled CAFOTOL QUXOR
Found a scroll labeled QAKKAF YBOK.
Found 25 arrows.
Found a glass wand.
You see here a scroll labeled QAKKAF YBOK.
l - a scroll labeled QAKKAF YBOK The small abomination hits you!
* * * LOW HITPOINT WARNING * * *
The small abomination hits you.
You die...

. .
##########
♣..(.P...♣
.##..#.##.#.#
.#. .##.x.# #
..#@###
#.###...###.#
###....#.. .#
.
......##./.#
# #..#.## #.#
#......# . #
..#..#.# .
#....### #.


You could see a small abomination.

Vanquished Creatures (others)
  A lurking horror (Abyss:3)
1 creature vanquished.

Notes
Turn   | Place    | Note
-------+----------+-------------------------------------------
     0 | Abyss:1  | Gargoyl the Centaur Abyssal Knight began the quest for the
                  | Orb.
     0 | Abyss:1  | Reached XP level 1. HP: 19/19 MP: 2/2
    52 | Abyss:1  | Found a basalt altar of Yredelemnul.
   120 | Abyss:2  | Found a corrupted altar of Lugonu.
   128 | Abyss:2  | Got a warped dagger
   129 | Abyss:2  | Identified the cursed +2 dagger of Courage {flame, rElec
                  | rC+ rN+ Dex+3} (You found it on level 2 of the Abyss)
   154 | Abyss:2  | Noticed a large abomination
   164 | Abyss:2  | Noticed a small abomination
   206 | Abyss:3  | Noticed a small abomination
   217 | Abyss:3  | Noticed a large abomination
   236 | Abyss:3  | Slain by a small abomination

Levels and vault maps discovered:
Abyss:3:  abyss_greek_temple, abyss_greek_temple

Table legend:
 A = Non-vault XP
 B = Vault XP
 C = Vault XP percentage of total XP
 D = Non-vault monster count
 E = Vault monster count
 F = Vault count percentage of total count
                 A         B        C        D         E       F
            +---------+---------+-------+---------+---------+-------
      Total |       0 |       0 |   N/A |       0 |       0 |  -nan
            +---------+---------+-------+---------+---------+-------
            +---------+---------+-------+---------+---------+-------
